 Dungeon Crawl Stone Soup version 0.16-a0-3303-g3c4fcab (webtiles) character file.

10101 myeffort the Spear-Bearer (level 11, -1/65 HPs)
             Began as a Merfolk Gladiator on Dec 25, 2014.
             Was an Elder of Yredelemnul.
             Slain by an unseen horror (7 damage)
             ... on level 11 of the Dungeon.
             The game lasted 00:55:48 (9362 turns).

myeffort the Spear-Bearer (Merfolk Gladiator)       Turns: 9362, Time: 00:55:48

Health: -1/65      AC: 17    Str: 20      XL:     11   Next: 56%
Magic:  22/22      EV: 15    Int: 14      God:    Yredelemnul [****..]
Gold:   269        SH:  0    Dex: 19 (21) Spells: 0 memorised, 10 levels left

rFire  . . .     SeeInvis .     a - +1 trident (freeze)
rCold  + + +     Clarity  .     S - +3 chain mail of the Dice {+Inv +Fly Str+4}
rNeg   + . .     SustAb   .     (no shield)
rPois  .         Gourm    .     s - +1 helmet of the Townfolk {rC+ Int+3}
rElec  .         Spirit   .     V - -1 cloak "Khuab" {rN+ Int+4}
rCorr  +         Warding  .     Q - +0 pair of gloves
rMut   .         Stasis   .     P - +2 pair of boots (curse)
MR     .....                    D - amulet of resist corrosion
Stlth  +.........               c - ring of protection from cold
                                R - +3 ring of dexterity

@: not resistant to hostile enchantments, very unstealthy
A: change form in water, swift swim, claws 1, cold resistance 1, frail 1
a: Animate Dead, Recall Undead Slaves, Injury Mirror, Drain Life, Renounce
Religion, Evoke Invisibility, Evoke Flight


You were on level 11 of the Dungeon.
You worshipped Yredelemnul.
Yredelemnul was greatly pleased with you.
You were not hungry.

You visited 2 branches of the dungeon, and saw 13 of its levels.
You also visited: Sewer.

You collected 570 gold pieces.
You spent 301 gold pieces at shops.

Inventory:

Hand weapons
 a - a +1 trident of freezing (weapon)
 b - a +0 blowgun
 l - a +1 spear
 x - a +0 trident
 A - a +0 halberd
Missiles
 O - 65 poisoned needles
 W - 3 javelins of penetration (quivered)
Armour
 s - the +1 helmet of the Townfolk (worn) {rC+ Int+3}
   (You found it on level 10 of the Dungeon)

   It affects your intelligence (+3).
   It protects you from cold.
 P - a cursed +2 pair of boots (worn)
 Q - a +0 pair of gloves (worn)
 S - the +3 chain mail of the Dice (worn) {+Inv +Fly Str+4}
   (You found it on level 7 of the Dungeon)

   It affects your strength (+4).
   It lets you turn invisible.
   It lets you fly.
 V - the -1 cloak "Khuab" (worn) {rN+ Int+4}
   (You bought it in a shop on level 7 of the Dungeon)

   It affects your intelligence (+4).
   It protects you from negative energy.
Jewellery
 c - a ring of protection from cold (right hand)
 q - an uncursed ring of flight
 u - an uncursed ring of magical power
 v - an uncursed amulet of guardian spirit
 z - an uncursed ring of positive energy
 C - an uncursed amulet of warding
 D - an amulet of resist corrosion (around neck)
 L - an uncursed ring of loudness
 M - an uncursed ring of fire
 R - a +3 ring of dexterity (left hand)
 X - an uncursed ring of ice
Magical devices
 w - a wand of cold (1)
 B - a wand of confusion (16)
 E - a wand of fire (11)
 J - a wand of frost (23)
 K - a wand of cold (8)
Scrolls
 e - 2 scrolls of enchant armour
 i - 5 scrolls of enchant weapon
 j - a scroll of holy word {unknown}
 k - a scroll of random uselessness
 m - 2 scrolls of noise
 n - 2 scrolls of vulnerability {unknown}
 o - 9 scrolls of identify
 p - 6 scrolls of teleportation
 r - a scroll of recharging
 t - 2 scrolls of remove curse
 y - 2 scrolls of amnesia
 I - 2 scrolls of immolation
 U - a scroll of magic mapping {unknown}
 Y - a scroll of summoning {unknown}
Potions
 d - a potion of magic
 g - a potion of curing
 N - a potion of flight
Comestibles
 f - 10 bread rations
 h - 8 meat rations
 F - 3 royal jellies
 H - 2 slices of pizza
 T - 3 beef jerkies
 Z - a chunk of flesh


   Skills:
 - Level 2.3 Fighting
 + Level 13.8 Polearms
 - Level 2.1 Throwing
 + Level 12.9 Dodging
 - Level 8.5 Stealth
 + Level 7.4 Invocations
 + Level 5.9 Evocations


You had 10 spell levels left.
You didn't know any spells.

Dungeon Overview and Level Annotations

Branches:
Dungeon (12/15)            Temple (1/1) D:5
   Lair: D:8-11         Orc: D:9-12

Altars:
Ashenzari
Cheibriados
Dithmenos
Elyvilon
Fedhas
Gozag
Kikubaaqudgha
Makhleb
Nemelex Xobeh
Okawaru
Qazlal
Ru
Sif Muna
Trog
Vehumet
Xom
Yredelemnul
Zin
The Shining One

Shops:
D:7 =*[

Annotations:
D:8 Psyche


Innate Abilities, Weirdness & Mutations

You revert to your normal form in water.
You are very nimble and swift while swimming.
You have sharp fingernails.
Your flesh is cold resistant.
You are frail (-10% HP).


Message History

You feel better. Something hits you.
* * * LOW HITPOINT WARNING * * *
Something hits you but does no damage.
Evoke which item? (* to show all) (? for menu, Esc to quit)
Zapping:
E - a wand of fire {recharged} (will waste charges)
Press: ? - help, Shift-Dir - straight line Evoking this partially-identified wand wasted a few charges.
Something hits you but does no damage.
Evoke which item? (* to show all) (? for menu, Esc to quit)
Zapping:
E - a wand of fire {zapped: 2} (will waste charges)
Press: ? - help, Shift-Dir - straight line Evoking this partially-identified wand wasted a few charges.
Something hits you!
* * * LOW HITPOINT WARNING * * *
Evoke which item? (* to show all) (? for menu, Esc to quit)
That item cannot be evoked!
Something barely misses you.
You feel a bit more experienced. Something hits you!
You die...
Your body rises from the dead as a mindless zombie.

##..(.............#
#...((...........##
#..#..(...........#.
##..((((........
#...(........#
##...(.......#
#...........#
##..(......##
##......@..#
#.......#.##
##..>Z..##.#
##.....##.#
#....###.# ##...#
#.## ##.## ##Z## #.#
#..# ### ###.#


You could see a friendly yak zombie.

Vanquished Creatures
  2 hill giants
  A griffon (D:10)
  2 centaur skeletons
  A komodo dragon (D:11)
  A troll (D:12)
  A slime creature (D:11)
  2 two-headed ogres
  A deep elf mage (D:12)
  A steam dragon (D:8)
  5 yaks (D:11)
  Grum (D:8)
  A hungry ghost (D:10)
  A hippogriff (D:11)
  Edmund (D:6)
  A water moccasin (D:10)
  3 wolves (D:8)
  A mottled dragon (D:11)
  An ice beast (D:9)
  2 sky beasts
  A black bear (D:6)
  2 orc warriors
  4 ogres
  A boring beetle (D:11)
  5 centaurs
  3 big kobolds
  7 giant frogs
  9 wights
  4 scorpions
  18 killer bees
  3 crimson imps
  2 giant frog zombies (D:9)
  3 quasits
  A goliath beetle (D:8)
  2 jellies
  A gnoll shaman (D:4)
  4 orc priests
  A giant frog skeleton (D:6)
  3 hounds
  7 orc wizards
  3 iguanas
  6 worker ants
  A hound skeleton (D:10)
  A mummy (D:10)
  A river rat (Sewer)
  9 gnolls
  12 adders
  A giant mite (D:7)
  3 worms
  An adder zombie (D:9)
  3 adder skeletons
  10 giant geckos
  2 oozes
  24 orcs
  2 ball pythons (D:2)
  12 bats
  8 giant cockroaches
  8 hobgoblins
  21 kobolds
  5 quokkas
  4 giant newts
  A giant spore (D:8)
  9 goblins
  12 jackals
  A quokka skeleton (D:5)
  19 rats
289 creatures vanquished.

Vanquished Creatures (collateral kills)
  A slime creature (D:12)
  A hungry ghost (D:12)
  A boring beetle (D:11)
  A big kobold (D:11)
  A giant frog (D:12)
  A scorpion (D:12)
  5 wights (D:12)
  A giant frog skeleton (D:11)
  A kobold (D:11)
13 creatures vanquished.

Vanquished Creatures (others)
  4 flying skulls (D:12)
  A yak zombie (D:11)
  A troll zombie (D:12)
  A mottled dragon zombie (D:11)
  An orc (D:7)
  A jackal (D:4)
9 creatures vanquished.

Grand Total: 311 creatures vanquished

Notes
Turn   | Place    | Note
--------------------------------------------------------------
     0 | D:1      | myeffort, the Merfolk Gladiator, began the quest for the Orb.
     0 | D:1      | Reached XP level 1. HP: 16/16 MP: 1/1
   174 | D:1      | Reached XP level 2. HP: 23/23 MP: 2/2
   535 | D:2      | Reached skill level 5 in Polearms
   535 | D:2      | Reached XP level 3. HP: 14/28 MP: 3/3
   591 | D:2      | Found a blossoming altar of Fedhas.
   709 | D:2      | Reached skill level 5 in Dodging
   718 | D:2      | Found a burning altar of Makhleb.
  1133 | D:2      | Reached XP level 4. HP: 30/34 MP: 4/4
  1137 | D:2      | Found a snail-covered altar of Cheibriados.
  1142 | D:2      | Found an opulent altar of Gozag.
  1145 | D:2      | Found a sacrificial altar of Ru.
  1512 | D:3      | Reached skill level 1 in Stealth
  1515 | D:3      | Reached skill level 6 in Polearms
  1598 | D:3      | Reached XP level 5. HP: 19/39 MP: 5/5
  1640 | D:2      | Found a deep blue altar of Sif Muna.
  2088 | D:2      | Found a bloodstained altar of Trog.
  2225 | D:4      | Reached XP level 6. HP: 17/45 MP: 6/6
  2451 | D:4      | Noticed an ogre
  2457 | D:4      | Killed an ogre
  2457 | D:4      | Reached skill level 7 in Polearms
  2967 | D:5      | Entered Level 5 of the Dungeon
  2969 | D:5      | Found a radiant altar of Vehumet.
  2983 | D:5      | Reached XP level 7. HP: 44/51 MP: 7/7
  2993 | D:5      | Found a staircase to the Ecumenical Temple.
  3006 | Temple   | Entered the Ecumenical Temple
  3055 | Temple   | Became a worshipper of Yredelemnul the Dark
  3482 | D:5      | Reached skill level 8 in Polearms
  3693 | D:6      | Noticed Edmund
  3712 | D:6      | Killed Edmund
  3712 | D:6      | Reached skill level 5 in Stealth
  3715 | D:6      | Reached XP level 8. HP: 41/57 MP: 8/8
  3837 | D:6      | Found a glowing drain.
  3872 | Sewer    | Entered a sewer
  3883 | Sewer    | Acquired Yredelemnul's first power
  4040 | Sewer    | Found a white marble altar of Elyvilon.
  4289 | D:6      | Reached skill level 9 in Polearms
  4523 | D:7      | Got a brightly glowing chain mail
  4541 | D:7      | Identified the +3 chain mail of the Dice {+Inv +Fly Str+4} (You found it on level 7 of the Dungeon)
  4557 | D:7      | Found Icauluep's Assorted Antiques.
  4573 | D:7      | Bought a scroll labeled ALISUW TEQOE for 27 gold pieces
  4573 | D:7      | Bought a scroll labeled ALISUW TEQOE for 27 gold pieces
  4690 | D:7      | Found Namux's Jewellery Shoppe.
  4855 | D:7      | Found Ralle's Antique Armour Boutique.
  4863 | D:7      | Bought an ichor-stained cloak for 247 gold pieces
  4873 | D:7      | Identified the cursed -1 cloak "Khuab" {rN+ Int+4} (You bought it in a shop on level 7 of the Dungeon)
  5474 | D:8      | Reached skill level 10 in Polearms
  5474 | D:8      | Reached XP level 9. HP: 42/62 MP: 5/9
  5559 | D:8      | Acquired Yredelemnul's second power
  5676 | D:8      | Noticed Psyche
  5847 | D:9      | Reached skill level 10 in Dodging
  5959 | D:10     | Entered Level 10 of the Dungeon
  5965 | D:10     | Got a dazzling helmet
  5976 | D:10     | Identified the +1 helmet of the Townfolk {rC+ Int+3} (You found it on level 10 of the Dungeon)
  6028 | D:10     | Reached skill level 11 in Polearms
  6334 | D:10     | Found a white marble altar of Elyvilon.
  6611 | D:9      | Reached skill level 1 in Invocations
  6756 | D:8      | Noticed Grum
  6772 | D:8      | Killed Grum
  6772 | D:8      | Reached XP level 10. HP: 50/68 MP: 12/15
  7017 | D:9      | Found a glowing silver altar of Zin.
  7017 | D:9      | Found a glowing golden altar of the Shining One.
  7017 | D:9      | Found a sparkling altar of Nemelex Xobeh.
  7057 | D:9      | Reached skill level 12 in Polearms
  7057 | D:9      | Reached skill level 1 in Evocations
  7335 | D:10     | Acquired Yredelemnul's third power
  7471 | D:10     | Reached skill level 5 in Invocations
  8181 | D:10     | Noticed a hill giant
  8193 | D:10     | Noticed a griffon
  8220 | D:10     | Killed a hill giant
  8256 | D:10     | Killed a griffon
  8312 | D:10     | Reached skill level 13 in Polearms
  8324 | D:10     | Reached XP level 11. HP: 68/73 MP: 21/21
  8693 | D:11     | Reached skill level 5 in Evocations
  9213 | D:12     | Acquired Yredelemnul's fourth power
  9218 | D:12     | Noticed a hill giant
  9237 | D:12     | Killed a hill giant
  9244 | D:12     | Received a gift from Yredelemnul
  9356 | D:11     | Gained mutation: You have sharp fingernails. [potion of mutation]
  9356 | D:11     | Gained mutation: Your flesh is cold resistant. [potion of mutation]
  9356 | D:11     | Gained mutation: You are frail (-10% HP). [potion of mutation]
  9362 | D:11     | Slain by an unseen horror

Action                   |  1- 3 |  4- 6 |  7- 9 | 10-12 || total
-------------------------+-------+-------+-------+-------++-------
Melee: Trident           |   148 |   124 |       |   349 ||   621
       Halberd           |       |    81 |   562 |   155 ||   798
       Spear             |       |       |       |   157 ||   157
 Fire: Blowgun           |       |       |       |    18 ||    18
Throw: Throwing net      |       |       |       |     8 ||     8
       Javelin           |       |       |       |     1 ||     1
Invok: Animate Dead      |       |       |       |     4 ||     4
 Abil: Evoke Invisibilit |       |       |       |     2 ||     2
Evoke: Wand              |       |       |       |     3 ||     3
  Use: Potion            |     1 |     1 |    15 |     6 ||    23
       Scroll            |       |     1 |     6 |     3 ||    10
 Stab: Sleeping          |       |     1 |     5 |       ||     6
       Invisible         |       |       |     2 |     9 ||    11
       Held in net/web   |       |       |       |     4 ||     4
       Distracted        |       |       |       |     2 ||     2
  Eat: Chunk             |     1 |     6 |    12 |     9 ||    28
       Fruit             |       |       |     5 |       ||     5
